 Dungeon Crawl Stone Soup version 0.31-a0-595-g4209ae197b (webtiles) character file.

Game seed: 3558800220246365565

32004 Conn the Eclecticist (level 13, 0/64 HPs)
             Began as a Deep Elf Fire Elementalist on Aug 20, 2023.
             Was a High Priest of Sif Muna.
             Slain by a wolf (3 damage)
             ... while petrified by a basilisk
             ... on level 5 of the Lair of Beasts.
             The game lasted 00:51:51 (16809 turns).

Conn the Eclecticist (Deep Elf Fire Elementalist)  Turns: 16809, Time: 00:51:52

Health: 0/64       AC:  8    Str:  5    XL:     13   Next: 29%
Magic:  23/37      EV:  2    Int: 26    God:    Sif Muna [*****.]
Gold:   849        SH:  0    Dex: 15    Spells: 17/49 levels left

rFire   . . .        g - +3 dagger (heavy)
rCold   + . .        (no shield)
rNeg    + + +        a - +1 robe
rPois   ∞            E - +0 hat
rElec   .            h - scarf {shadows}
rCorr   .            H - +2 pair of gloves
SInv    +            y - +1 pair of boots
Will    +....        i - amulet of the acrobat
Stlth   +++          v - ring of see invisible
HPRegen 0.30/turn    m - ring of protection from cold
MPRegen 0.25/turn

%: acrobat
@: petrified
A: no striking features
a: Renounce Religion, Channel Magic, Forget Spell, Divine Exegesis


You were on level 5 of the Lair of Beasts.
You worshipped Sif Muna.
Sif Muna was extremely pleased with you.
You visited 3 branches of the dungeon, and saw 16 of its levels.

You collected 1010 gold pieces.
You spent 161 gold pieces at shops.

Inventory:

Hand Weapons
 g - a +3 heavy dagger (weapon)
Missiles
 q - 3 throwing nets
 z - 6 curare-tipped darts (quivered)
Armour
 a - a +1 robe (worn)
 h - a scarf of shadows (worn)
 j - an orb of light
 y - a +1 pair of boots (worn)
 E - a +0 hat (worn)
 F - the +1 tower shield of Gozag, Imbibing {Will+ Regen+ Str+3}
   (You found it on level 1 of the Lair of Beasts)

   Str+3:     It affects your strength (+3).
   Will+:     It increases your willpower.
   Regen+:    It increases your rate of health regeneration.
 H - a +2 pair of gloves (worn)
Jewellery
 i - an amulet of the acrobat (around neck)
 m - a ring of protection from cold (right hand)
 v - a ring of see invisible (left hand)
 I - an amulet of guardian spirit
Wands
 w - a wand of polymorph (13)
 A - a wand of roots (23)
 C - a wand of paralysis (14)
Scrolls
 c - 3 scrolls of vulnerability
 d - 3 scrolls of amnesia
 e - 10 scrolls of teleportation
 f - 2 scrolls of blinking
 D - 6 scrolls of poison
 G - a scroll of fog
 J - a scroll of brand weapon
Potions
 b - 2 potions of magic
 k - 2 potions of curing
 l - 6 potions of enlightenment
 n - a potion of attraction
 o - a potion of might
 r - a potion of invisibility
 s - a potion of lignification
 t - a potion of heal wounds
 u - a potion of resistance
 x - 2 potions of haste
 B - 2 potions of mutation


   Skills:
 + Level 1.1 Fighting
 + Level 2.2 Short Blades
 + Level 4.4 Dodging
 + Level 4.9 Stealth
 * Level 18.9 Spellcasting
 * Level 8.4 Conjurations
 + Level 3.8 Hexes
 + Level 7.6 Summonings
 - Level 4.6 Translocations
 + Level 10.7 Fire Magic
 * Level 1.9 Ice Magic
 + Level 3.4 Air Magic
 * Level 6.9 Invocations


You had 17 spell levels left.
You knew the following spells:

 Your Spells              Type           Power      Damage    Failure   Level
a - Foxfire               Conj/Fire      100%       2x1d9     1%          1
b - Scorch                Fire           100%       2d9       1%          2
c - Inner Flame           Hex/Fire       58%        N/A       1%          3
d - Flame Wave            Conj/Fire      65%        2d15      1%          4
e - Summon Small Mammal   Summ           100%       N/A       1%          1
f - Fulminant Prism       Conj/Hex       27%        3d14      1%          4
g - Blink                 Tloc           96%        N/A       1%          2
h - Summon Lightning Spi  Summ/Air       52%        N/A       1%          4
i - Summon Cactus Giant   Summ           29%        N/A       12%         6
j - Metabolic Englaciati  Hex/Ice        19%        N/A       16%         5

Your spell library contained the following spells:

 Spells                   Type           Power      Damage    Failure   Level
 Apportation              Tloc           96%        N/A       1%          1
 Kiss of Death            Conj/Necr      100%       2d13      1%          1
 Magic Dart               Conj           100%       1d8       1%          1
 Necrotise                Necr           96%        1d8       1%          1
 Lesser Beckoning         Tloc           96%        N/A       1%          2
 Momentum Strike          Conj/Tloc      100%       3d10      1%          2
 Searing Ray              Conj           100%       2d8       1%          2
 Static Discharge         Conj/Air       100%       2-7/arc   1%          2
 Confusing Touch          Hex            44%        N/A       1%          3
 Gell's Gravitas          Tloc           48%        N/A       1%          3
 Teleport Other           Tloc           48%        N/A       1%          3
 Volatile Blastmotes      Fire/Tloc      100%       2d18      1%          3
 Sticky Flame             Conj/Fire      65%        2d8       1%          4
 Frozen Ramparts          Ice            68%        1d11      2%          3
 Animate Armour           Summ/Erth      88%        N/A       3%          4
 Airstrike                Air            21%        2d(3-19)  4%          4
 Vampiric Draining        Necr           24%        2d7       5%          3
 Dispel Undead            Necr           24%        3d12      19%         4
 Petrify                  Tmut/Erth      24%        N/A       19%         4
 Dispersal                Tloc           24%        N/A       38%         6
 Agony                    Necr           24%        N/A       45%         5
 Lee's Rapid Deconstruct  Erth           12%        3d8*      45%         5


Dungeon Overview and Level Annotations

Branches:
Dungeon (10/15)            Temple (1/1) D:6            Lair (5/5) D:10
 Shoals (0/4) Lair:2       Spider (0/4) Lair:3        Slime (0/5) Lair:4
    Orc: D:9-12

Altars:
Ashenzari
Cheibriados
Dithmenos
Elyvilon
Fedhas
Gozag
Hepliaklqana
Kikubaaqudgha
Makhleb
Nemelex Xobeh
Okawaru
Qazlal
Ru
Sif Muna
Trog
Uskayaw
Vehumet
Wu Jian
Zin
The Shining One
Jiyva

Shops:
D:10 ?

Annotations:
Temple 2 transporters


Message History

You kill the water moccasin!
Sif Muna accepts your kill. (Press . to intensify the flame waves.)
The water moccasin hisses angrily.
The yak bellows!
You hear a bellow!
You hear an angry hiss.
The yak is engulfed in a cloud of scalding steam.
You kill the yak!
Sif Muna accepts your kill. The yak gores you.
You have turned to stone.
A wolf comes into view.
The yak completely misses you.
A yak comes into view.
The yak gores you. The water moccasin bites you. The yak gores you!
The yak bellows!
The water moccasin bites you but does no damage.
The wolf bites you but does no damage.
The water moccasin completely misses you.
A wolf comes into view.
The wolf bites you. The wolf bites you but does no damage.
The water moccasin bites you.
A black mamba comes into view.
The yak gores you but does no damage. The wolf bites you but does no damage.
The water moccasin bites you.
The wolf bites you but does no damage. x2; The yak gores you! x2
The water moccasin bites you!
A wolf comes into view.
The wolf bites you! x2; The water moccasin barely misses you.
The wolf bites you. The wolf bites you but does no damage.
The yak gores you. x2
The black mamba bites you! The wolf bites you but does no damage.
The wolf bites you. The water moccasin bites you.
* * * LOW HITPOINT WARNING * * *
The yak gores you!
* * * LOW HITPOINT WARNING * * *
The yak gores you!
* * * LOW HITPOINT WARNING * * *
The black mamba bites you!
* * * LOW HITPOINT WARNING * * *
The wolf bites you!
You die...

. #...#.... .
#...#.... .
+.#.⌠......
..#.#........
#...........
#..h...# #
#h†S# .##
##.@Y#....
#.YhS.#
#⌠.<.⌠#
#.....#
##.⌠.## .####
.# .. ..


You could see a black mamba, 2 yaks, a water moccasin and 3 wolves.

Vanquished Creatures
  Gastronok (Lair:1)
  A hydra (Lair:2)
  A boulder beetle (Lair:4)
  Sonja (Lair:1)
  A lindwurm (Lair:4)
  Pikel (D:8)
  An elephant (D:10)
  2 black mambas
  Maurice (D:9)
  Joseph (D:9)
  Jeremiah (D:7)
  7 rime drakes
  17 cane toads
  A torpor snail (Lair:1)
  6 komodo dragons
  2 polar bears
  2 hornets (D:9)
  5 blink frogs (Lair:1)
  2 dream sheep (Lair:1)
  A shadow (D:10)
  3 wyverns
  31 yaks
  6 basilisks
  A redback (Lair:3)
  5 steam dragons
  Edmund (D:6)
  An acid dragon (D:8)
  16 water moccasins
  2 orc warriors (D:9)
  5 black bears
  3 ice beasts
  An ogre (D:7)
  15 wolves
  5 centaurs
  4 lemures (D:8)
  2 kobold brigands (D:10)
  Blork the orc (D:4)
  13 bullfrogs
  8 scorpions
  5 wights (D:8)
  6 killer bees (D:9)
  2 electric eels (Lair:4)
  5 hounds
  3 jellies
  7 orc priests
  A sleepcap (D:6)
  3 iguanas
  12 orc wizards
  13 adders
  11 gnolls
  A shadow imp (D:5)
  2 ufetubi (D:5)
  A worm (D:3)
  4 dart slugs
  44 orcs
  6 endoplasms
  7 giant cockroaches
  10 goblins
  3 hobgoblins
  10 jackals
  4 quokkas
  6 ball pythons
  14 bats
  7 frilled lizards
  17 kobolds
  11 rats
393 creatures vanquished.

Vanquished Creatures (collateral kills)
  A boulder beetle (Lair:3)
  3 cane toads (Lair:3)
  A water moccasin (Lair:3)
  9 foxfires
14 creatures vanquished.

Vanquished Creatures (others)
  890 foxfires
  5 fulminant prisms
895 creatures vanquished.

Grand Total: 1302 creatures vanquished

Notes
Turn   | Place    | Note
-------+----------+-------------------------------------------
     0 | D:1      | Conn the Deep Elf Fire Elementalist began the quest for the
                  | Orb.
     0 | D:1      | Reached XP level 1. HP: 10/10 MP: 6/6
    77 | D:1      | Reached XP level 2. HP: 15/15 MP: 2/8
    81 | D:1      | Learned a level 2 spell: Scorch
   454 | D:1      | Reached XP level 3. HP: 19/19 MP: 10/10
   458 | D:1      | Learned a level 3 spell: Inner Flame
  1038 | D:1      | Found a faded altar of an unknown god.
  1153 | D:2      | Reached skill level 1 in Short Blades
  1180 | D:2      | Reached XP level 4. HP: 12/24 MP: 7/11
  1357 | D:2      | Reached skill level 4 in Spellcasting
  2262 | D:3      | Reached XP level 5. HP: 28/28 MP: 13/13
  2423 | D:3      | Found a blossoming altar of Fedhas.
  2478 | D:3      | Reached skill level 5 in Spellcasting
  2732 | D:3      | Found a faded altar of an unknown god.
  2750 | D:3      | Found a sacrificial altar of Ru.
  2834 | D:3      | Found a bloodstained altar of Trog.
  2961 | D:3      | Learned a level 4 spell: Flame Wave
  2963 | D:3      | Learned a level 1 spell: Summon Small Mammal
  3012 | D:4      | Reached XP level 6. HP: 23/32 MP: 14/16
  3265 | D:4      | Noticed a steam dragon
  3271 | D:4      | Killed a steam dragon
  3272 | D:4      | Reached skill level 6 in Spellcasting
  3484 | D:4      | Found a glowing silver altar of Zin.
  3677 | D:4      | Noticed Blork the orc
  3681 | D:4      | Killed Blork the orc
  3682 | D:4      | Reached skill level 5 in Fire Magic
  3774 | D:4      | Reached XP level 7. HP: 32/37 MP: 19/19
  3806 | D:4      | Reached skill level 7 in Spellcasting
  4191 | D:4      | Learned a level 4 spell: Fulminant Prism
  4256 | D:5      | Entered Level 5 of the Dungeon
  4347 | D:5      | Reached skill level 1 in Summonings
  4362 | D:5      | Learned a level 2 spell: Blink
  4470 | D:5      | Reached skill level 8 in Spellcasting
  4623 | D:5      | Reached XP level 8. HP: 42/42 MP: 15/22
  4975 | D:5      | Reached skill level 9 in Spellcasting
  5279 | D:6      | Learned a level 4 spell: Summon Lightning Spire
  5468 | D:6      | Noticed Edmund
  5473 | D:6      | Killed Edmund
  5474 | D:6      | Reached skill level 10 in Spellcasting
  5701 | D:6      | Reached skill level 1 in Hexes
  5790 | D:6      | Found a staircase to the Ecumenical Temple.
  5799 | Temple   | Found a transporter.
  5799 | Temple   | Found a transporter.
  5799 | Temple   | Found a transporter.
  5799 | Temple   | Found a transporter.
  5799 | Temple   | Entered the Ecumenical Temple
  5814 | Temple   | Became a worshipper of Sif Muna the Loreminder
  5861 | D:6      | Reached skill level 1 in Fighting
  5977 | D:6      | Reached skill level 1 in Translocations
  5977 | D:6      | Reached XP level 9. HP: 42/47 MP: 14/25
  5981 | D:6      | Reached skill level 1 in Invocations
  6429 | D:7      | Noticed Jeremiah
  6434 | D:7      | Killed Jeremiah
  6554 | D:7      | Reached skill level 11 in Spellcasting
  6639 | D:7      | Found a white marble altar of Elyvilon.
  6908 | D:7      | Reached skill level 5 in Conjurations
  6953 | D:7      | Found a sparkling altar of Nemelex Xobeh.
  7010 | D:7      | Reached * piety under Sif Muna
  7260 | D:7      | Found a shadowy altar of Dithmenos.
  7528 | D:8      | Reached skill level 12 in Spellcasting
  7529 | D:8      | Found an iron altar of Okawaru.
  7589 | D:8      | Reached XP level 10. HP: 44/52 MP: 17/28
  7661 | D:8      | Noticed Pikel
  7671 | D:8      | Killed Pikel
  7871 | D:8      | Reached ** piety under Sif Muna
  8053 | D:8      | Learned a level 6 spell: Summon Cactus Giant
  8432 | D:9      | Reached skill level 13 in Spellcasting
  8466 | D:9      | Found a hide-covered altar of Uskayaw.
  8482 | D:9      | Reached skill level 5 in Summonings
  9146 | D:9      | Noticed Maurice
  9161 | D:9      | Killed Maurice
  9279 | D:9      | Noticed Joseph
  9373 | D:9      | Killed Joseph
 10020 | D:10     | Entered Level 10 of the Dungeon
 10060 | D:10     | Reached *** piety under Sif Muna
 10246 | D:10     | Noticed an elephant
 10252 | D:10     | Killed an elephant
 10253 | D:10     | Reached skill level 14 in Spellcasting
 10253 | D:10     | Reached XP level 11. HP: 56/56 MP: 16/31
 10507 | D:10     | Found a staircase to the Lair.
 10514 | D:10     | Found Jofiob's Magic Scroll Emporium.
 10584 | D:10     | Bought a scroll of blinking for 105 gold pieces
 10584 | D:10     | Bought a scroll of fear for 56 gold pieces
 10602 | Lair:1   | Entered Level 1 of the Lair of Beasts
 10653 | Lair:1   | Reached skill level 1 in Air Magic
 11014 | Lair:1   | Noticed Gastronok
 11190 | Lair:1   | Killed Gastronok
 11191 | Lair:1   | Reached skill level 15 in Spellcasting
 11191 | Lair:1   | Reached skill level 5 in Invocations
 11867 | Lair:1   | Noticed Sonja
 11880 | Lair:1   | Reached skill level 16 in Spellcasting
 11893 | Lair:1   | Killed Sonja
 11894 | Lair:1   | Reached XP level 12. HP: 60/60 MP: 6/34
 11896 | Lair:1   | Reached **** piety under Sif Muna
 12157 | Lair:1   | Identified the +1 tower shield of Gozag, Imbibing {Will+
                  | Regen+ Str+3}
 12617 | Lair:2   | Found a staircase to the Shoals.
 13263 | Lair:2   | Noticed an eight-headed hydra
 13265 | Lair:2   | Reached skill level 17 in Spellcasting
 13301 | Lair:2   | Killed an eight-headed hydra
 13673 | Lair:2   | Reached skill level 10 in Fire Magic
 13948 | Lair:3   | Found a radiant altar of Vehumet.
 14127 | Lair:3   | Found a hole to the Spider Nest.
 14263 | Lair:3   | Reached ***** piety under Sif Muna
 14267 | Lair:3   | HP: 1/60 [poisoned by a cane toad]
 14273 | Lair:3   | Reached skill level 18 in Spellcasting
 14546 | Lair:3   | Noticed a boulder beetle
 14586 | Lair:3   | Killed a boulder beetle
 15356 | Lair:3   | Learned a level 5 spell: Metabolic Englaciation
 15366 | Lair:3   | Reached XP level 13. HP: 29/64 MP: 23/37
 15879 | Lair:4   | Reached skill level 1 in Ice Magic
 16555 | Lair:4   | Found a staircase to the Slime Pits.
 16555 | Lair:4   | Found a viscous altar of Jiyva.
 16788 | Lair:5   | Entered Level 5 of the Lair of Beasts
 16809 | Lair:5   | HP: 3/64 [black mamba (4)]
 16809 | Lair:5   | Slain by a wolf

Illustrated notes

Levels and vault maps discovered:
D:1:      onia_arrival_pentagram, layout_basic,
          dreamdust_ecumenical_altar_angels_and_demons
D:2:      layout_loops_cross
D:3:      layout_rooms, fedhas_ov_isle_minmay, lightli_temple_of_fire,
          nicolae_overflow_ecumenical_swirl
D:4:      layout_basic, amcnicky_altar_gilded, kennysheep_flooded_box,
          uniq_blork_the_orc
D:5:      layout_rooms
D:6:      old_forge, layout_rooms, temple_fountains, uniq_edmund
D:7:      layout_loops_cross, elyvilon_altar_5, kennysheep_mini,
          nemelex_dance_club_becter, uniq_jeremiah
D:8:      layout_cave_pools, okawaru_metal_pillars_3,
          minmay_misc_feat_four_crosses, nrook_mini_vaults,
          grunt_decor_mini_mirrors, nrook_pool_corridor, uniq_pikel
D:9:      layout_roguey, mainiacjoe_overflow_tiny_flanked, grunt_ministairs_7,
          uniq_maurice, uniq_joseph
D:10:     layout_rooms, grunt_temple_overflow_open, david_lair_generic,
          serial_shops, shop
Temple:   hellmonk_temple_divided_pantheon
Lair:1:   layout_regular_city, chequers_serial_rivers_micro_b, uniq_sonja,
          uniq_gastronok
Lair:2:   layout_gridlike, minmay_shoals_entry_centaurs
Lair:3:   layout_loops_ring, spider_nest_entry_webs, basic_altar,
          fungi_pond_lemuel, beast_lair_carwin_10
Lair:4:   layout_hall_layers, slime_entry_1, infiniplex_staircase_pool
Lair:5:   grunt_lair_end_beastmaster, layout_long_grid, dreamdust_wasp_nest,
          grunt_megastairs_1

Skill      XL: |  1  2  3  4  5  6  7  8  9 10 11 12 13 |
---------------+----------------------------------------+-----
Fire Magic     | 4 5 6 7 8 9 10 | 10.7
Short Blades   | 1 2 |  2.2
Dodging        | 3 4 |  4.4
Spellcasting   | 4 5 6 8 10 12 14 16 18 | 18.9
Conjurations   | 2 3 4 5 6 7 8 |  8.4
Stealth        | 3 4 |  4.9
Summonings     | 1 3 4 5 6 7 |  7.6
Hexes          | 1 2 3 |  3.8
Fighting       | 1 |  1.1
Translocations | 1 2 4 |  4.6
Invocations    | 2 3 5 6 |  6.9
Air Magic      | 3 |  3.4
Ice Magic      | 1 |  1.9

Action                     |  1- 3 |  4- 6 |  7- 9 | 10-12 | 13-15 || total
---------------------------+-------+-------+-------+-------+-------++-------
  Melee: Dagger            |    33 |    37 |    42 |    26 |     3 ||   141
         Unarmed           |     3 |       |       |       |       ||     3
  Throw: Dart              |       |       |       |     1 |       ||     1
   Cast: Foxfire           |    39 |    84 |    72 |   280 |    35 ||   510
         Scorch            |       |    15 |    59 |   146 |    22 ||   242
         Flame Wave        |       |       |    13 |    43 |    12 ||    68
         Inner Flame       |       |       |     6 |    24 |     1 ||    31
         Summon Small Mamm |       |       |     1 |     5 |       ||     6
         Summon Lightning  |       |       |       |     4 |       ||     4
         Fulminant Prism   |       |       |       |     5 |       ||     5
         Blink             |       |       |       |    10 |     2 ||    12
         Summon Cactus Gia |       |       |       |     2 |     1 ||     3
 Invoke: Channel Magic     |       |       |       |     3 |       ||     3
    Use: Scroll            |     2 |     1 |    11 |     9 |     5 ||    28
         Potion            |       |       |       |     5 |       ||     5
   Stab: Sleeping          |     8 |     7 |     7 |       |     2 ||    24
 Armour: Robe              |     7 |     6 |    15 |    20 |    17 ||    65
  Dodge: Dodged            |    30 |    27 |    63 |   120 |    30 ||   270

Table legend: (Time is in decaauts)
 A = Elapsed time spent in this place.
 B = Non-inter-level travel time spent in this place.
 C = Inter-level travel time spent in this place.
 D = Time resting spent in this place.
 E = Time spent auto-exploring this place.
 F = Levels seen in this place.
 G = Mean time per level.
                   A        B        C        D        E       F      G
               +--------+--------+--------+--------+--------+-----+--------+
         Total |  16803 |  16490 |    313 |   1688 |  11395 |  16 | 1050.2 |
       Dungeon |  10568 |  10364 |    204 |    852 |   7292 |  10 | 1056.8 |
        Temple |     27 |     19 |      8 |      0 |      0 |   1 |   27.0 |
          Lair |   6207 |   6106 |    101 |    836 |   4103 |   5 | 1241.4 |
               +--------+--------+--------+--------+--------+-----+--------+

Top non-repeatable levels by time:
  Lair:1: 1925 daAuts
     D:9: 1670 daAuts
  Lair:3: 1550 daAuts
  Lair:2: 1401 daAuts
  Lair:4: 1308 daAuts
     D:4: 1289 daAuts
     D:7: 1183 daAuts
     D:1: 1138 daAuts
     D:6: 1026 daAuts
     D:5: 972 daAuts
     D:2: 921 daAuts
     D:3: 903 daAuts
     D:8: 899 daAuts
    D:10: 562 daAuts
  Temple: 27 daAuts
